 Dungeon Crawl Stone Soup version 0.32-a0-975-g85d4e5bfdb (webtiles) character file.

Game seed: 9808473477346088198

658 Revguard the Shield-Bearer (level 7, 0/44 HPs)
             Began as a Gargoyle Fighter on Apr 19, 2024.
             Slain by a gnoll sergeant
             ... wielding a +1 heavy trident
              (9 damage)
             ... on level 5 of the Dungeon.
             The game lasted 00:06:05 (2904 turns).

Revguard the Shield-Bearer (Gargoyle Fighter)       Turns: 2904, Time: 00:06:06

Health: 0/44       AC: 19    Str: 20    XL:     7   Next: 55%
Magic:  8/8        EV:  5    Int:  8    God:
Gold:   268        SH:  4    Dex: 11    Spells: 6/6 levels left

rFire   . . .        a - +0 war axe
rCold   . . .        c - +0 buckler
rNeg    + . .        g - +0 plate armour
rPois   ∞            t - +0 helmet
rElec   +            h - +0 cloak
rCorr   .            (no gloves)
SInv    .            (no boots)
Will    .....        (no amulet) Stlth
                     (no ring)
HPRegen 0.27/turn    (no ring)
MPRegen 0.11/turn

%: no passive effects
@: no status effects
A: sickness immunity, AC +4, negative energy resistance 1, electricity
resistance, torment resistance 1, petrification resistance
a: no special abilities


You were on level 5 of the Dungeon.
You visited 1 branch of the dungeon, and saw 5 of its levels.

You collected 268 gold pieces.

Inventory:

Hand Weapons
 a - a +0 war axe (weapon)
Armour
 b - a +0 scale mail
 c - a +0 buckler (worn)
 g - a +0 plate armour (worn)
 h - a +0 cloak (worn)
 o - a +0 chain mail
 t - a +0 helmet (worn)
Jewellery
 r - an amulet of faith
Scrolls
 e - 2 scrolls of silence {unknown}
 f - a scroll of brand weapon {unknown}
 j - 2 scrolls of fog {unknown}
 k - a scroll of fear {unknown}
 n - a scroll of revelation {unknown}
 u - a scroll of vulnerability {unknown}
 v - a scroll of blinking {unknown}
Potions
 i - a potion of resistance
 m - a potion of brilliance
 p - a potion of attraction {unknown}
 q - 2 potions of degeneration {unknown}
 s - 5 potions of curing {unknown}


   Skills:
 + Level 4.4 Fighting
 * Level 3.7 Axes
 + Level 4.3 Armour
 + Level 1.8 Dodging
 * Level 5.2 Shields
 + Level 2.6 Invocations
 + Level 2.1 Evocations


You had 6 spell levels left.
You didn't know any spells.
Your spell library contained the following spells:

 Spells                   Type           Power      Damage    Failure   Level
 Magic Dart               Conj           0%         1d3       100%        1
 Blink                    Tloc           0%         N/A       100%        2
 Call Imp                 Summ           0%         N/A       100%        2
 Tukima's Dance           Hex            0%         N/A       100%        3
 Passage of Golubria      Tloc           0%         N/A       100%        4
 Yara's Violent Unravell  Hex/Alch       0%         3d3       100%        5


Dungeon Overview and Level Annotations

Branches:
Dungeon (5/15)
 Temple: D:4-7

Altars:


Innate Abilities, Weirdness & Mutations

You are immune to sickness and miasma.
Your stone body is resilient. (AC +4)
You are immune to poison.
You resist negative energy. (rN+)
You are resistant to electric shocks. (rElec)
You are resistant to unholy torment.
You are immune to petrification.


Message History

The scorpion stings you but does no damage.
The gnoll sergeant hits you but does no damage.
The scorpion barely misses you.
You hit the scorpion but do no damage. You block the scorpion's attack.
The gnoll sergeant hits you from afar with a +1 heavy trident.
You slash the scorpion!
The scorpion is heavily wounded.
The scorpion stings you.
The scorpion stings you but does no damage.
The gnoll sergeant hits you but does no damage.
You block the gnoll's attack.
The gnoll hits you but does no damage. x2
The gnoll sergeant blocks your attack.
The gnoll sergeant is lightly wounded.
You closely miss the gnoll. You hit the scorpion.
The scorpion stings you but does no damage.
You block the gnoll sergeant's attack. You block the gnoll's attack.
The gnoll hits you with a +0 flail.
You hit the gnoll sergeant but do no damage.
The gnoll sergeant is lightly wounded.
You slash the scorpion!
You kill the scorpion!
You hit the gnoll but do no damage.
The gnoll sergeant hits you with a +1 heavy trident.
The gnoll hits you but does no damage. x2
You slash the gnoll sergeant!
The gnoll sergeant is heavily wounded.
You closely miss the gnoll.
The gnoll hits you from afar with a +0 spear.
The gnoll hits you but does no damage.
The gnoll sergeant hits you but does no damage.
The gnoll hits you from afar with a +0 spear.
The gnoll hits you with a +0 flail!
* * * LOW HITPOINT WARNING * * *
You hit the gnoll sergeant.
The gnoll sergeant is severely wounded.
You barely miss the gnoll. The gnoll hits you with a +0 flail.
* * * LOW HITPOINT WARNING * * *
The gnoll sergeant hits you with a +1 heavy trident!
You die...

..........#
........... ....
#.........# ....
#.........# ..... ####
#.........# ..... ...
..........# #.... #.#
#......<..#
#..$g###.##
#..........
#.g@†..#########....
##)g<..?# #..###
#.[....# ##.####
#..)...# #..#...
#......# ####.##...
#......###....##...
.............####....
......................
####........#.##.##...


You could see a gnoll sergeant and 2 gnolls.

Vanquished Creatures
  Menkaure (D:4)
  A water moccasin (D:5)
  A scorpion (D:5)
  A jelly (D:4)
  2 orc priests
  A bombardier beetle (D:3)
  A hound (D:4)
  An iguana (D:4)
  An orc wizard (D:5)
  6 gnolls
  5 adders
  4 dart slugs
  2 ribbon worms
  5 orcs
  7 ball pythons
  8 bats
  3 endoplasms
  8 giant cockroaches
  9 goblins
  5 hobgoblins
  5 quokkas
  3 frilled lizards
  4 kobolds
  8 rats
  A spectral kobold (D:1)
93 creatures vanquished.

Notes
Turn   | Place    | Note
-------+----------+-------------------------------------------
     0 | D:1      | Revguard the Gargoyle Fighter began the quest for the Orb.
     0 | D:1      | Reached XP level 1. HP: 14/14 MP: 1/1
   119 | D:1      | Reached XP level 2. HP: 13/19 MP: 2/2
   554 | D:1      | Reached XP level 3. HP: 23/23 MP: 3/3
   681 | D:1      | Found a faded altar of an unknown god.
  1339 | D:3      | Reached XP level 4. HP: 21/28 MP: 4/4
  1347 | D:3      | Reached skill level 4 in Shields
  1347 | D:3      | Reached skill level 1 in Invocations
  1351 | D:3      | Reached skill level 1 in Evocations
  1608 | D:3      | Reached XP level 5. HP: 31/32 MP: 5/5
  1937 | D:3      | Reached skill level 1 in Dodging
  2322 | D:4      | Reached XP level 6. HP: 38/38 MP: 7/7
  2605 | D:5      | Entered Level 5 of the Dungeon
  2656 | D:5      | Noticed a water moccasin
  2670 | D:5      | Killed a water moccasin
  2732 | D:5      | Noticed Menkaure
  2736 | D:5      | Reached XP level 7. HP: 43/43 MP: 8/8
  2788 | D:4      | Killed Menkaure
  2789 | D:4      | Reached skill level 5 in Shields
  2904 | D:5      | Slain by a gnoll sergeant

Illustrated notes

Levels and vault maps discovered:
D:1:      lightli_arrival_statuegarden, layout_basic,
          dreamdust_ecumenical_altar_drowned_temple, minmay_misc_feat_plants
D:2:      layout_rooms, chequers_serial_rivers_micro_d
D:3:      layout_loops_ring, nrook_mini_vaults, grunt_ministairs_14
D:4:      layout_basic, corexii_shack
D:5:      layout_rooms, uniq_menkaure

Skill      XL: |  1  2  3  4  5  6  7 |
---------------+----------------------+-----
Axes           | 2 3 |  3.7
Shields        | 4 5 |  5.2
Invocations    | 1 2 |  2.6
Evocations     | 1 2 |  2.1
Dodging        | 1 |  1.8
Fighting       | 4 |  4.4
Armour         | 4 |  4.3

Action                     |  1- 3 |  4- 6 |  7- 9 || total
---------------------------+-------+-------+-------++-------
  Melee: War axe           |   102 |   165 |    20 ||   287
    Use: Scroll            |       |     3 |       ||     3
         Potion            |       |     2 |       ||     2
 Armour: Scale mail        |    73 |       |       ||    73
         Chain mail        |    21 |   146 |       ||   167
         Plate armour      |       |    20 |    42 ||    62
  Dodge: Dodged            |    52 |    69 |     5 ||   126
  Block: Buckler           |    32 |    49 |     9 ||    90

Table legend: (Time is in decaauts)
 A = Elapsed time spent in this place.
 B = Non-inter-level travel time spent in this place.
 C = Inter-level travel time spent in this place.
 D = Time resting spent in this place.
 E = Time spent auto-exploring this place.
 F = Levels seen in this place.
 G = Mean time per level.
                   A        B        C        D        E       F      G
               +--------+--------+--------+--------+--------+-----+--------+
         Total |   3026 |   2942 |     84 |    127 |   1914 |   5 |  605.2 |
       Dungeon |   3026 |   2942 |     84 |    127 |   1914 |   5 |  605.2 |
               +--------+--------+--------+--------+--------+-----+--------+

Top non-repeatable levels by time:
     D:1: 930 daAuts
     D:3: 775 daAuts
     D:4: 722 daAuts
     D:2: 443 daAuts
     D:5: 155 daAuts
